 Dungeon Crawl Stone Soup version 0.26-a0-852-g6321bf7485 (webtiles) character file.

Game seed: 8577770068996592187

5 gishou the Charlatan (level 1, -1/10 HPs)
             Began as a Vine Stalker Artificer on Nov 22, 2020.
             Slain by a scorpion (4 damage)
             ... on level 1 of the Dungeon.
             The game lasted 00:01:26 (633 turns).

gishou the Charlatan (Vine Stalker Artificer)        Turns: 633, Time: 00:01:27

Health: -1/10      AC:  3    Str: 14    XL:     1   Next: 80%
Magic:  0/2        EV: 11    Int: 11    God:
Gold:   48         SH:  0    Dex: 14    Spells: 0/0 levels left

rFire    . . .     SeeInvis .   a - +0 short sword
rCold    . . .     Faith    .   (no shield)
rNeg     . . .     Spirit   +   b - +0 leather armour
rPois    .         Reflect  .   (no helmet)
rElec    .         Harm     .   (no cloak)
rCorr    .         Rampage  .   (no gloves)
MR       .....                  (no boots)
Stlth    ++........             (no amulet)
HPRegen  0.03/turn              (no ring)
MPRegen  0.08/turn              (no ring)

@: no status effects
A: fangs 2, magic shield, antimagic bite, no potion heal 3, rot immunity
a: no special abilities


You were on level 1 of the Dungeon.
You visited 1 branch of the dungeon, and saw 2 of its levels.

You collected 48 gold pieces.

Inventory:

Hand Weapons
 a - a +0 short sword (weapon)
Missiles
 k - 2 javelins (quivered)
Armour
 b - a +0 leather armour (worn)
Wands
 c - a wand of flame (15)
 d - a wand of enslavement (15)
 e - a wand of random effects (15)
Scrolls
 g - a scroll of fear {unknown}
 i - a scroll of remove curse {unknown}
 j - 2 scrolls of magic mapping {unknown}
Potions
 f - 2 potions of lignification {unknown}
 h - a potion of invisibility {unknown}


   Skills:
 * Level 1.0 Fighting
 * Level 0.3 Short Blades
 + Level 1.6 Armour
 + Level 0.8 Dodging
 * Level 1.5 Stealth
 + Level 2.7 Evocations


You couldn't memorise any spells.
You didn't know any spells.
Your spell library was empty.

Dungeon Overview and Level Annotations

Branches:
Dungeon (2/15)

Altars:


Innate Abilities, Weirdness & Mutations

You have extremely sharp teeth.
When hurt, damage is shared between your health and your magic reserves.
Your bite disrupts and absorbs the magic of your enemies.
Potions cannot restore your health.
You are immune to rotting.


Message History

Sorry, you're not good enough to have a special ability.
Sorry, you're not good enough to have a special ability.
You hit the scorpion but do no damage.
The scorpion is heavily wounded.
The scorpion barely misses you.
You barely miss the scorpion.
The scorpion is heavily wounded.
The scorpion barely misses you. The scorpion closely misses you.
You barely miss the scorpion.
The scorpion is heavily wounded.
The scorpion stings you but does no damage.
You barely miss the scorpion.
The scorpion is heavily wounded.
The scorpion stings you!
Ouch! That really hurt!
* * * LOW HITPOINT WARNING * * *
You barely miss the scorpion.
The scorpion is heavily wounded.
The scorpion stings you.
You die...

####.# ####### ##....#
##.##.###### ######
...[.......# #....#
######..##.######.##.######
.....##...........##.#....#
......##...#########.#[#.##
.......#+.......@......#.#
........##.#.##s.....###.#
.........###.###########.#
..........##.............#
..<..........#############
..........##.#
.........##..#
........##..##
.......##..##


You could see a scorpion.

Vanquished Creatures
  2 bats (D:1)
  A goblin (D:1)
  A kobold (D:1)
  2 rats (D:1)
6 creatures vanquished.

Notes
Turn   | Place    | Note
-------+----------+-------------------------------------------
     0 | D:1      | gishou the Vine Stalker Artificer began the quest for the
                  | Orb.
     0 | D:1      | Reached XP level 1. HP: 9/9 MP: 2/2
   276 | D:1      | Reached skill level 1 in Fighting
   623 | D:2      | Noticed a scorpion
   633 | D:1      | Slain by a scorpion

Illustrated notes

Levels and vault maps discovered:
D:1:      lemuel_arrival_rhombus, layout_basic
D:2:      layout_basic, chequers_serial_rivers_micro_a

Skill      XL: |  1 |
---------------+----+-----
Fighting       | 1 |  1.0
Short Blades   | |  0.3
Armour         | |  1.6
Dodging        | |  0.8
Stealth        | |  1.5
Evocations     | |  2.7

Action                   || total
-------------------------++-------
Melee: Short sword       ||    15
       Bite              ||     2
Throw: Javelin           ||     3
 Stab: Sleeping          ||     1
Armor: Leather armour    ||     6
Dodge: Dodged            ||     7

Table legend: (Time is in decaauts)
 A = Elapsed time spent in this place.
 B = Non-inter-level travel time spent in this place.
 C = Inter-level travel time spent in this place.
 D = Time resting spent in this place.
 E = Time spent auto-exploring this place.
 F = Levels seen in this place.
 G = Mean time per level.
                   A        B        C        D        E       F      G
               +--------+--------+--------+--------+--------+-----+--------+
         Total |    635 |    566 |     69 |      0 |    513 |   2 |  317.5 |
       Dungeon |    635 |    566 |     69 |      0 |    513 |   2 |  317.5 |
               +--------+--------+--------+--------+--------+-----+--------+

Top non-repeatable levels by time:
     D:1: 629 daAuts
     D:2: 6 daAuts
